 Dungeon Crawl Stone Soup version 0.31-a0-180-g519b7de00c (webtiles) character file.

Game seed: 13171108911498194555

182 qw the Shooter (level 5, 0/49 HPs)
             Began as a Naga Hunter on June 19, 2023.
             Slain by an orc
             ... wielding a +0 club
              (3 damage)
             ... on level 3 of the Dungeon.
             The game lasted 00:00:52 (1912 turns).

qw the Shooter (Naga Hunter)                        Turns: 1912, Time: 00:00:53

Health: 0/49       AC:  3    Str: 13    XL:     5   Next: 62%
Magic:  5/5        EV:  9    Int: 10    God:
Gold:   62         SH:  5    Dex: 16    Spells: 4/4 levels left

rFire   . . .        Y - +0 shortbow
rCold   . . .        (shield currently unavailable)
rNeg    . . .        c - +0 leather armour
rPois   +            (no helmet)
rElec   .            (no cloak)
rCorr   .            (no gloves)
SInv    +            (no barding)
Will    .....        e - amulet of reflection
Stlth   ++           (no ring)
HPRegen 0.28/turn    (no ring)
MPRegen 0.09/turn

%: reflection
@: very slow
A: AC +1, large, see invisible, deformed body, poison resistance, slowness 2,
spit poison 1, naga tail 1
a: Spit Poison


You were on level 3 of the Dungeon.
You visited 1 branch of the dungeon, and saw 3 of its levels.

You collected 84 gold pieces.
You spent 22 gold pieces at shops.


Innate Abilities, Weirdness & Mutations

Your serpentine skin is tough. (AC +1)
You have supernaturally acute eyesight. (SInv)
Armour fits poorly on your strangely shaped body.
Your system is resistant to poisons. (rPois)
You cover ground very slowly.
You can spit poison.
You have a snake-like lower body.


   Skills:
 - Level 3.2 Fighting
 + Level 5.6 Ranged Weapons
 - Level 1.5 Dodging
 - Level 1.5 Stealth


You had 4 spell levels left.
You didn't know any spells.
Your spell library was empty.

Inventory:

Hand Weapons
 Y - a +0 shortbow (weapon)
Armour
 c - a +0 leather armour (worn)
Jewellery
 e - an amulet of reflection (around neck)
Scrolls
 g - a scroll of identify
Potions
 a - a potion of might
 b - a potion of resistance {unknown}
 f - a potion of invisibility {unknown}
 h - a potion of mutation {unknown}

Dungeon Overview and Level Annotations

Branches:
Dungeon (3/15)

Altars:

Shops:
D:1 *


Message History

The phantom misses you.
You shoot an arrow. The arrow hits the phantom.
The phantom is severely damaged.
You block the phantom's attack.
You shoot an arrow.
The arrow hits the phantom but does no damage.
The phantom is severely damaged.
You have got your breath back.
The goblin barely misses you. The orc hits you with a +0 club.
The phantom hits you.
1906 ||| DRINKING potion of heal wounds.
You feel much better. The goblin hits you with a +0 dagger.
You block the orc's attack. The phantom hits you.
The phantom blinks!
You blink.
1907 ||| INVOKING Spit Poison.
Aiming: Spit Poison (1% risk of failure)
Press: ? - help, Shift-Dir - straight line, f - orc, p - phantom The splash of poison hits the orc.
The orc is poisoned.
The orc is lightly wounded.
The phantom hits you.
You shoot an arrow. The arrow barely misses the phantom.
The goblin shouts!
You hear a shout!
The phantom hits you.
The phantom blinks!
You blink.
You shoot an arrow.
The arrow hits the phantom but does no damage.
The phantom is severely damaged.
The goblin closely misses you. The orc hits you but does no damage.
The phantom closely misses you. The orc closely misses you.
The phantom hits you. You block the goblin's attack.
You shoot an arrow. The arrow barely misses the phantom.
The goblin barely misses you. You block the orc's attack. The phantom hits you.
You shoot an arrow. The arrow closely misses the phantom.
The orc looks more healthy.
The goblin barely misses you. The orc closely misses you. The phantom hits you.
You shoot an arrow.
The arrow hits the phantom but does no damage.
The phantom is severely damaged.
You have got your breath back.
The goblin closely misses you. The orc hits you with a +0 club.
You die...

#......... #.........
#.........
###.......g.
#...........
#####.....g.....
#####..............<
#........g..........
###......o@.?.###...
#......W....###...
....................
.#............###.###
. #........))......$..
............#)###.####
............#.<.......
..#####.....##)[..####
#..... ..#...#


You could see a phantom, an orc and 2 goblins.

Vanquished Creatures
  An orc priest (D:3)
  Natasha (thrice) (D:2)
  An adder (D:3)
  3 dart slugs (D:2)
  9 orcs (D:3)
  3 endoplasms
  11 giant cockroaches
  2 goblins (D:2)
  3 hobgoblins
  A jackal (D:2)
  A quokka (D:1)
  4 ball pythons
  3 bats (D:1)
  2 frilled lizards (D:1)
  4 kobolds (D:1)
  2 rats (D:1)
53 creatures vanquished.

Notes
Turn   | Place    | Note
-------+----------+-------------------------------------------
     0 | D:1      | qw the Naga Hunter began the quest for the Orb.
     0 | D:1      | Reached XP level 1. HP: 19/19 MP: 1/1
     0 | D:1      | 0 ||| qw: Version: 0.3-a-7-ge0c9b40
     0 | D:1      | 0 ||| qw: Game counter: 962
     0 | D:1      | 0 ||| qw: Always use a shield: true
     0 | D:1      | 0 ||| qw: God list: Okawaru
     0 | D:1      | 0 ||| qw: Allow faded altars: false
     0 | D:1      | 0 ||| qw: Do Orc after D:15 true
     0 | D:1      | 0 ||| qw: Do second Lair branch before Depths: true
     0 | D:1      | 0 ||| qw: Lair rune preference: random
     0 | D:1      | 0 ||| qw: Plans: Normal
     0 | D:1      | 0 ||| PLANNING D:1-11
    58 | D:1      | 58 ||| INVOKING Spit Poison.
    80 | D:1      | 80 ||| INVOKING Spit Poison.
   151 | D:1      | Found a faded altar of an unknown god.
   233 | D:1      | 233 ||| INVOKING Spit Poison.
   234 | D:1      | Reached skill level 4 in Ranged Weapons
   234 | D:1      | Reached XP level 2. HP: 26/26 MP: 2/2
   238 | D:1      | 238 ||| INVOKING Spit Poison.
   442 | D:1      | 442 ||| INVOKING Spit Poison.
   488 | D:1      | 488 ||| INVOKING Spit Poison.
   534 | D:1      | 534 ||| INVOKING Spit Poison.
   539 | D:1      | 539 ||| INVOKING Spit Poison.
   540 | D:1      | 540 ||| INVOKING Spit Poison.
   638 | D:1      | 638 ||| INVOKING Spit Poison.
   684 | D:1      | 684 ||| INVOKING Spit Poison.
   690 | D:1      | 690 ||| INVOKING Spit Poison.
   693 | D:1      | 693 ||| INVOKING Spit Poison.
   698 | D:1      | 698 ||| INVOKING Spit Poison.
   746 | D:1      | Found Faoxezag's General Store.
   754 | D:1      | 754 ||| BUYING scroll of identify (22 gold).
   754 | D:1      | Bought a scroll of identify for 22 gold pieces
   781 | D:1      | 781 ||| UPGRADING to amulet of reflection.
   786 | D:1      | 786 ||| READING 2 scrolls labelled QACWI UVVAX.
   787 | D:1      | 787 ||| READING scroll labelled MAENOA POYN.
   788 | D:1      | 788 ||| READING scroll labelled ZECIACZ DUROED.
   789 | D:1      | 789 ||| READING 2 scrolls of identify.
   789 | D:1      | 789 ||| IDENTIFYING pink potion
   790 | D:1      | 790 ||| DROPPING scroll of poison.
   791 | D:1      | 791 ||| DROPPING scroll of butterflies.
   897 | D:2      | 897 ||| INVOKING Spit Poison.
   958 | D:2      | 958 ||| INVOKING Spit Poison.
   961 | D:2      | 961 ||| INVOKING Spit Poison.
   963 | D:2      | Reached XP level 3. HP: 32/32 MP: 3/3
   965 | D:2      | 965 ||| INVOKING Spit Poison.
   968 | D:2      | 968 ||| INVOKING Spit Poison.
   974 | D:2      | 974 ||| INVOKING Spit Poison.
   978 | D:2      | 978 ||| INVOKING Spit Poison.
  1330 | D:2      | Noticed Natasha
  1331 | D:2      | 1331 ||| INVOKING Spit Poison.
  1334 | D:2      | 1334 ||| INVOKING Spit Poison.
  1334 | D:2      | Killed Natasha
  1335 | D:2      | Reached skill level 5 in Ranged Weapons
  1335 | D:2      | Reached XP level 4. HP: 39/39 MP: 4/4
  1538 | D:2      | Noticed Natasha
  1539 | D:2      | 1539 ||| INVOKING Spit Poison.
  1541 | D:2      | Killed Natasha
  1583 | D:2      | 1583 ||| INVOKING Spit Poison.
  1590 | D:2      | 1590 ||| INVOKING Spit Poison.
  1642 | D:2      | Noticed Natasha
  1644 | D:2      | 1644 ||| INVOKING Spit Poison.
  1649 | D:2      | 1649 ||| INVOKING Spit Poison.
  1651 | D:2      | Killed Natasha
  1652 | D:2      | Reached skill level 3 in Fighting
  1721 | D:2      | 1721 ||| INVOKING Spit Poison.
  1722 | D:2      | Reached XP level 5. HP: 49/49 MP: 5/5
  1736 | D:2      | 1736 ||| READING 2 scrolls of identify.
  1736 | D:2      | 1736 ||| IDENTIFYING bubbling white potion
  1738 | D:2      | 1738 ||| INVOKING Spit Poison.
  1745 | D:2      | 1745 ||| INVOKING Spit Poison.
  1770 | D:2      | 1770 ||| INVOKING Spit Poison.
  1773 | D:2      | 1773 ||| INVOKING Spit Poison.
  1783 | D:2      | 1783 ||| INVOKING Spit Poison.
  1806 | D:2      | 1806 ||| READING scroll labelled IGUELOCVAL.
  1862 | D:3      | 1862 ||| INVOKING Spit Poison.
  1863 | D:3      | Noticed a phantom
  1867 | D:3      | 1867 ||| Stepping ~*~*~tactically~*~*~ (outnumbered).
  1868 | D:3      | 1868 ||| INVOKING Spit Poison.
  1872 | D:3      | 1872 ||| INVOKING Spit Poison.
  1877 | D:3      | 1877 ||| INVOKING Spit Poison.
  1881 | D:3      | 1881 ||| INVOKING Spit Poison.
  1881 | D:3      | HP: 11/49 [orc/+0 short sword (2)]
  1882 | D:3      | 1882 ||| DRINKING 2 potions of heal wounds.
  1885 | D:3      | 1885 ||| INVOKING Spit Poison.
  1891 | D:3      | 1891 ||| INVOKING Spit Poison.
  1897 | D:3      | 1897 ||| INVOKING Spit Poison.
  1900 | D:3      | 1900 ||| INVOKING Spit Poison.
  1905 | D:3      | HP: 9/49 [phantom (5)]
  1906 | D:3      | 1906 ||| DRINKING potion of heal wounds.
  1907 | D:3      | 1907 ||| INVOKING Spit Poison.
  1910 | D:3      | HP: 8/49 [phantom (2)]
  1911 | D:3      | HP: 3/49 [phantom (5)]
  1912 | D:3      | Slain by an orc

Levels and vault maps discovered:
D:1:      co_arrival_square_in_a_square_in_a_square, layout_basic,
          shapermc_ecumenical_altar_mp_highgroup, serial_shops, shop,
          nicolae_kite_square_tiling_tiny
D:2:      minmay_roachtagon, layout_basic, minmay_puff, uniq_natasha
D:3:      layout_rooms, serial_shops, nicolae_shop_window_shopping, shop, shop,
          nicolae_shop_tiny_statue_garden, nicolae_book_shop_shelving,
          uniq_sigmund

Skill      XL: |  1  2  3  4 |
---------------+-------------+-----
Ranged Weapons | 4 5 |  5.6
Fighting       | 3 |  3.2
Dodging        | |  1.5
Stealth        | |  1.5

Action                     |  1- 3 |  4- 6 || total
---------------------------+-------+-------++-------
   Fire: Shortbow          |    55 |    52 ||   107
Ability: Spit Poison       |    22 |    21 ||    43
    Use: Scroll            |     4 |     2 ||     6
         Potion            |       |     2 ||     2
 Armour: Leather armour    |     4 |     9 ||    13
  Dodge: Dodged            |     6 |    28 ||    34
  Block: Other             |     1 |    10 ||    11

Table legend:
 A = Non-vault XP
 B = Vault XP
 C = Vault XP percentage of total XP
 D = Non-vault monster count
 E = Vault monster count
 F = Vault count percentage of total count
                 A         B        C        D         E       F
            +---------+---------+-------+---------+---------+-------
      Total |     197 |      64 |  24.5 |      39 |      14 |  26.4
            +---------+---------+-------+---------+---------+-------
        D:1 |      31 |       0 |   0.0 |      20 |       0 |   0.0
        D:2 |      81 |      64 |  44.1 |       6 |      14 |  70.0
        D:3 |      85 |       0 |   0.0 |      13 |       0 |   0.0
            +---------+---------+-------+---------+---------+-------
